Cogmind - Beta 11.1 --- EXPLORER MODE // 2022.07.29 @ 12:22:37 Player: taylor Result: Self-destructed Performance ------------- Evolutions (2) 1000 Regions Visited (6) 1200 Robots Destroyed (12) 60 Value Destroyed (318) 318 Prototype IDs (3) 60 Alien Tech Used (0) 0 Bonus (521) 521 TOTAL SCORE: 3159 Bonus ------- Follower Combat Kills 21 Entered Garrisons 200 Aligned with FarCom 300 Cogmind --------- Core Integrity 470/550 Matter 295/300 Energy 143/160 System Corruption 0% Temperature Cool (0) Movement Hovering (56) Location -8/Garrison Parts ------- > --- POWER (2) -------- Light Nuclear Core > --- PROPULSION (3) --- Hover Unit Airjet > --- UTILITY (4) ------ Improved Heat Sink Advanced Weight Redist. System Visual Processing Unit Hacking Suite > --- WEAPON (3) ------- Medium Laser Small Laser Small Laser > --- INVENTORY (5) ---- Improved Terrain Scan Processor Datajack Plasma Flamer Peak State ------------ > --- POWER ------------ Light Ion Engine Light Angular Momentum Engine > --- PROPULSION ------- Hover Unit Airjet Airjet > --- UTILITY ---------- Improved Heat Sink Advanced Weight Redist. System Visual Processing Unit Hacking Suite > --- WEAPON ----------- Medium Laser Small Laser Small Laser > --- INVENTORY -------- Light Nuclear Core Improved Terrain Scan Processor Datajack Plasma Flamer [Rating: 28] Favorites ----------- Power Light Ion Engine Engine Light Ion Engine Power Core Light Nuclear Core Propulsion Hover Unit Leg Aluminum Leg Hover Unit Hover Unit Utility Visual Processing Unit Device Weight Redist. System Processor Visual Processing Unit Hackware Hacking Suite Weapon Small Laser Energy Gun Small Laser Build | -11 -10 -10 -10 -9 -8 -8 ------- Run | Scr Mat Min Exi Min Mat Gar Slots Evolved 5 | . 1 . . . 4 . Power 1 | . . . . . 1 . Propulsion 1 | . . . . . 1 . Utility 2 | . 1 . . . 1 . Weapon 1 | . . . . . 1 . Parts Attached 20 | 5 4 . 1 2 6 2 Power 4 | 1 . . . 1 1 1 Engine 3 | 1 . . . 1 1 . Core 1 | . . . . . . 1 Reactor . | . . . . . . . Propulsion 7 | 2 2 . . 1 2 . Treads . | . . . . . . . Leg 2 | 2 . . . . . . Wheel . | . . . . . . . Hover 5 | . 2 . . 1 2 . Flight . | . . . . . . . Utility 6 | . 2 . 1 . 2 1 Device 4 | . 1 . 1 . 1 1 Storage . | . . . . . . . Processor 1 | . 1 . . . . . Hackware 1 | . . . . . 1 . Protection . | . . . . . . . Artifact . | . . . . . . . Weapon 3 | 2 . . . . 1 . Energy Gun 3 | 2 . . . . 1 . Energy Cannon . | . . . . . . . Ballistic Gun . | . . . . . . . Ballistic Cannon . | . . . . . . . Launcher . | . . . . . . . Special Weapon . | . . . . . . . Impact Weapon . | . . . . . . . Slashing Weapon . | . . . . . . . Piercing Weapon . | . . . . . . . Special Melee Weapon . | . . . . . . . Unidentified Prototypes 1 | . . . 1 . . . Parts Lost 1 | . . . . . . 1 Power . | . . . . . . . Propulsion 1 | . . . . . . 1 Utility . | . . . . . . . Weapon . | . . . . . . . Highest Loss Streak 1 | . . . . . . 1 To Critical Strikes . | . . . . . . . Average Slot Usage (%) 84 | . 76 87 87 87 84 94 Engine 12 | . 12 12 12 12 16 14 Leg 6 | . 24 . . . . . Hover 18 | . 1 25 25 25 24 24 Device 10 | . 6 12 12 12 8 12 Processor 9 | . 6 12 12 12 8 8 Hackware 1 | . . . . . 1 8 Energy Gun 25 | . 25 25 25 25 25 25 Naked Turns . | . . . . . . . Heaviest Build 17 | 6 6 6 6 12 16 17 Greatest Support 31 | 20 26 18 18 18 31 31 Greatest Overweight (x) . | . . . . . . . Average Overweight (x) . | . . . . . . . Largest Inventory Capacity 5 | 5 5 5 5 5 5 5 Average Capacity 5 | 5 5 5 5 5 5 5 Most Carried 5 | 5 5 5 5 5 4 4 Average Carried 3 | 1 2 5 5 4 2 3 Final Capacity 5 | 5 5 5 5 5 5 5 Final Carried 5 | 1 5 5 5 4 3 3 Class Distribution -------------------- 74% | Hacker-Mutant 25% | Hacker-Skirmisher Dominant Class ---------------- Hacker-Mutant | -10/Materials Hacker-Mutant | -10/Mines Hacker-Mutant | -10/Exiles Hacker-Mutant | -9/Mines Hacker-Skirmisher | -8/Materials Hacker-Skirmisher | -8/Garrison Resources | -11 -10 -10 -10 -9 -8 -8 ----------- Run | Scr Mat Min Exi Min Mat Gar Matter Collected 390 | 222 28 40 . 30 50 20 Remotely . | . . . . . . . Salvage Created 434 | . 138 . . 95 46 155 Parts 18 | . 12 . . 3 1 2 Haulers Intercepted 1 | . 1 . . . . . Recyclers Shooed . | . . . . . . . Parts Field Recycled . | . . . . . . . Retrieved Matter . | . . . . . . . Parts Self-Destructed . | . . . . . . . Prevented . | . . . . . . . Kills | -11 -10 -10 -10 -9 -8 -8 ------- Run | Scr Mat Min Exi Min Mat Gar Combat Hostiles Destroyed 8 | . 3 . . 1 1 3 Guns 8 | . 3 . . 1 1 3 Classes Destroyed 6 | . 4 . . 1 1 . Hauler 1 | . 1 . . . . . Recycler 1 | . . . . 1 . . Watcher 2 | . 2 . . . . . Swarmer 3 | . 2 . . 1 . . Grunt 3 | . 1 . . . . 2 Hunter 2 | . . . . . 1 1 Best Kill Streak 2 | . 2 . . 1 1 2 Combat Bots Only 2 | . 2 . . 1 1 2 Max Kills in Single Turn 1 | . 1 . . 1 1 1 Gunslinging . | . . . . . . . Exploded . | . . . . . . . Melee . | . . . . . . . Uniques/NPCs Destroyed . | . . . . . . . Combat | -11 -10 -10 -10 -9 -8 -8 -------- Run | Scr Mat Min Exi Min Mat Gar Damage Taken 433 | . 26 . . 34 130 243 Core 110 | . 11 . . 19 44 36 Absorbed by Shields 12 | . . . . . . 12 Core Remaining (%) 94 | 100 . . . 88 . . Volleys Fired 36 | . 11 . . 10 7 8 Largest 3 | . 2 . . 2 3 3 Hottest 130 | . 90 . . 90 130 130 Shots Fired 87 | . 22 . . 20 21 24 Gun 87 | . 22 . . 20 21 24 Cannon . | . . . . . . . Launcher . | . . . . . . . Special . | . . . . . . . Kinetic . | . . . . . . . Thermal 87 | . 22 . . 20 21 24 Explosive . | . . . . . . . Electromagnetic . | . . . . . . . Robot Hit Streak 34 | . 12 . . 22 14 34 Robot Miss Streak 3 | . 2 . . 3 1 1 Penetration Max . | . . . . . . . Secondary Targets 2 | . 1 . . . . 1 Max Gunslinging Chain 1 | . 1 . . . . 1 Shots Hit Robots 72 | . 15 . . 14 20 23 Core Hits 29 | . 9 . . 4 5 11 Critical Kills . | . . . . . . . Critical Parts Destroyed . | . . . . . . . Critical Strikes . | . . . . . . . Melee Attacks . | . . . . . . . Impact . | . . . . . . . Slashing . | . . . . . . . Piercing . | . . . . . . . Sneak Attacks . | . . . . . . . Combat Hostiles . | . . . . . . . Follow-up Attacks . | . . . . . . . Damage Inflicted 840 | . 180 . . 161 234 265 Guns 840 | . 180 . . 161 234 265 Cannons . | . . . . . . . Explosions . | . . . . . . . Melee . | . . . . . . . Ramming . | . . . . . . . Kinetic . | . . . . . . . Thermal 840 | . 180 . . 161 234 265 Explosive . | . . . . . . . Electromagnetic . | . . . . . . . Impact . | . . . . . . . Slashing . | . . . . . . . Piercing . | . . . . . . . Highest Corruption . | . . . . . . . Average Corruption . | . . . . . . . Corruption Purged . | . . . . . . . Corruption Blocked . | . . . . . . . Overload Shots . | . . . . . . . Overflow Damage . | . . . . . . . Projectiles . | . . . . . . . Explosions . | . . . . . . . Melee . | . . . . . . . Knockbacks . | . . . . . . . Impact . | . . . . . . . Kinetic . | . . . . . . . Secondary . | . . . . . . . Self-Inflicted Damage . | . . . . . . . Shots . | . . . . . . . Rammed . | . . . . . . . Targets Rammed . | . . . . . . . Kicked . | . . . . . . . Crushed . | . . . . . . . Highest Temperature 445 | . 96 . . 198 443 445 Average Temperature 128 | . 45 . . 78 208 177 Received Heat Transfer 225 | . 6 . . . 108 111 Effects 7 | . . . . . 4 3 Shutdowns 5 | . . . . . 3 2 Energy Bleed 1 | . . . . . . 1 Damage (minor) 1 | . . . . . 1 . Siege Activations . | . . . . . . . Robots Corrupted . | . . . . . . . Combat Hostiles . | . . . . . . . Parts Fried . | . . . . . . . Impact Corruptions . | . . . . . . . Robots Melted . | . . . . . . . Combat Hostiles . | . . . . . . . Parts Melted 5 | . . . . 2 1 2 Heat Transferred 2136 | . 471 . . 422 572 671 Parts Sabotaged . | . . . . . . . Parts Stolen . | . . . . . . . Parts Stripped . | . . . . . . . Power Chain Reactions . | . . . . . . . Missiles Intercepted . | . . . . . . . Alert | -11 -10 -10 -10 -9 -8 -8 ------- Run | Scr Mat Min Exi Min Mat Gar Peak Influence 226 | . 127 . . 108 216 226 Initial 106 | . . . . . 29 106 Average 64 | . 71 . . 22 103 141 Maximum Alert Level 1 | . . . . . 1 1 Low Security (%) 97 | 100 100 100 . 100 94 89 Level 1 2 | . . . . . 5 10 Level 2 . | . . . . . . . Level 3 . | . . . . . . . Level 4 . | . . . . . . . Level 5 . | . . . . . . . High Security . | . . . . . . . Max Security . | . . . . . . . Squads Dispatched 1 | . . . . . 1 . Investigation 1 | . . . . . 1 . Extermination . | . . . . . . . Reinforcement . | . . . . . . . Assault . | . . . . . . . Garrison . | . . . . . . . Intercept . | . . . . . . . Searches Triggered . | . . . . . . . Construction Impeded . | . . . . . . . Haulers Reinforced . | . . . . . . . Active Scanning Responses . | . . . . . . . Cargo Convoy Interrupts . | . . . . . . . Stealth | -11 -10 -10 -10 -9 -8 -8 --------- Run | Scr Mat Min Exi Min Mat Gar Distress Signals 4 | . 1 . . . 3 . Communications Jammed . | . . . . . . . Distress Signals . | . . . . . . . Times Spotted 33 | . 5 . . 2 14 12 Peak Tracking Total 10 | . 2 . . 2 10 8 Tactical Retreats 4 | . . . . . 2 2 Traps | -11 -10 -10 -10 -9 -8 -8 ------- Run | Scr Mat Min Exi Min Mat Gar Traps Triggered 2 | . . . . . . 2 Indirectly . | . . . . . . . Trap Hack Attempts . | . . . . . . . Triggered . | . . . . . . . Disarmed 6 | . 6 . . . . . Reprogrammed . | . . . . . . . Reused . | . . . . . . . Traps Extracted . | . . . . . . . Installed . | . . . . . . . Triggered . | . . . . . . . Machines | -11 -10 -10 -10 -9 -8 -8 ---------- Run | Scr Mat Min Exi Min Mat Gar Machines Disabled 1 | . . . . 1 . . Max in Single Turn . | . . . . . . . Machines Sabotaged . | . . . . . . . Garrisons Compromised . | . . . . . . . Overloaded Fab Kills . | . . . . . . . Hacking | -11 -10 -10 -10 -9 -8 -8 --------- Run | Scr Mat Min Exi Min Mat Gar Machines Accessed 8 | . 4 . . . 4 . Terminals 7 | . 4 . . . 3 . Fabricators . | . . . . . . . Repair Stations . | . . . . . . . Recycling Units . | . . . . . . . Scanalyzers . | . . . . . . . Garrison Access 1 | . . . . . 1 . Total Hacks 16 | . 10 . . . 6 . Successful 11 | . 8 . . . 3 . Failed 5 | . 2 . . . 3 . Catastrophic 2 | . . . . . 2 . Database Lockouts . | . . . . . . . Manual 15 | . 9 . 1 . 5 . Terminals 15 | . 10 . . . 5 . Fabricators . | . . . . . . . Repair Stations . | . . . . . . . Recycling Units . | . . . . . . . Scanalyzers . | . . . . . . . Garrison Access 1 | . . . . . 1 . Terminal Hacks 6 | . 6 . . . . . Prototype ID Bank 1 | . 1 . . . . . Branch Access Points 1 | . 1 . . . . . Locate Traps 1 | . 1 . . . . . Disarm Traps 1 | . 1 . . . . . Zone Layout 2 | . 2 . . . . . Fabricator Hacks . | . . . . . . . Repair Station Hacks . | . . . . . . . Recycling Unit Hacks . | . . . . . . . Scanalyzer . | . . . . . . . Garrison Access Hacks 1 | . . . . . 1 . Unlock Access 1 | . . . . . 1 . Unauthorized Hacks 4 | . 2 . . . 2 . Terminals 4 | . 2 . . . 2 . Assimilate 1 | . . . . . 1 . Botnet 3 | . 2 . . . 1 . Fabricators . | . . . . . . . Repair Stations . | . . . . . . . Recycling Units . | . . . . . . . Scanalyzers . | . . . . . . . Garrison Access . | . . . . . . . Data Cores Recovered . | . . . . . . . Used . | . . . . . . . Hacking Detections 6 | . 2 . . . 4 . Full Trace Events 2 | . 1 . . . 1 . Feedback Events . | . . . . . . . Feedback Blocked . | . . . . . . . Robot Schematics Acquired . | . . . . . . . Robots Built . | . . . . . . . Authchips . | . . . . . . . Time . | . . . . . . . Total Robot Build Rating . | . . . . . . . Part Schematics Acquired . | . . . . . . . Parts Built . | . . . . . . . Authchips . | . . . . . . . Time . | . . . . . . . Total Part Build Rating . | . . . . . . . Parts Repaired . | . . . . . . . Time . | . . . . . . . Parts Recycled . | . . . . . . . Recycled Matter . | . . . . . . . Retrieved Matter . | . . . . . . . Retrieved Components . | . . . . . . . Parts Scanalyzed . | . . . . . . . Part Schematics Acquired . | . . . . . . . Parts Damaged . | . . . . . . . Bothacking | -11 -10 -10 -10 -9 -8 -8 ------------ Run | Scr Mat Min Exi Min Mat Gar Used RIF Installer . | . . . . . . . Robots Hacked . | . . . . . . . Non-combat . | . . . . . . . Combat . | . . . . . . . Robot Hacks Applied . | . . . . . . . Relay Couplers Released . | . . . . . . . Fabnet Peak Effective % . | . . . . . . . Robots Rewired . | . . . . . . . Allies Hacked . | . . . . . . . Hacks Repelled . | . . . . . . . Allies | -11 -10 -10 -10 -9 -8 -8 -------- Run | Scr Mat Min Exi Min Mat Gar Total Allies 1 | . . . . 1 . . Largest Group 1 | . . . . 1 . . Highest-Rated Group 31 | . . . . 31 . . Highest-Rated Ally 31 | . . . . 31 . . Total Orders . | . . . . . . . Ally Attacks 9 | . . . . 9 . . Total Damage 126 | . . . . 126 . . Kills 4 | . . . . 4 . . Allies Corrupted . | . . . . . . . Allies Melted . | . . . . . . . Intel | -11 -10 -10 -10 -9 -8 -8 ------- Run | Scr Mat Min Exi Min Mat Gar Robot Analysis Total . | . . . . . . . Derelict Logs Recovered . | . . . . . . . Drone Launches . | . . . . . . . Drone Recoveries . | . . . . . . . Exploration | -11 -10 -10 -10 -9 -8 -8 ------------- Run | Scr Mat Min Exi Min Mat Gar Turns Passed 1843 | 49 506 59 140 622 178 289 Spaces Moved 1750 | 41 356 96 247 567 221 222 Core 15 | 15 . . . . . . Treads . | . . . . . . . Legs 345 | 26 319 . . . . . Wheels . | . . . . . . . Hover 1390 | . 37 96 247 567 221 222 Flight . | . . . . . . . Fastest Speed 50 | 50 56 56 56 56 52 52 Average Speed 67 | 94 113 56 56 56 52 52 Slowest Speed 120 | 120 120 56 56 56 56 56 Overloaded Moves . | . . . . . . . Propulsion Burnouts . | . . . . . . . Robots Hopped . | . . . . . . . Cave-ins Triggered . | . . . . . . . Exploration Rate (%) 41 | 4 64 23 63 80 25 33 Regions Visited 6 Branch Regions 3 Pre-discovered Areas 1 | . . 1 . . . . Known Exits Taken 6 | 1 1 1 1 1 1 . Unknown Exits Taken . | . . . . . . . Scrap Searched 1 | . . . . 1 . . Spaces Dug . | . . . . . . . Terrain Destroyed . | . . . . . . . Melee . | . . . . . . . Projectile . | . . . . . . . AOE . | . . . . . . . Terrain Rammed . | . . . . . . . Walls Destroyed . | . . . . . . . Machines Disabled . | . . . . . . . Actions | -11 -10 -10 -10 -9 -8 -8 --------- Run | Scr Mat Min Exi Min Mat Gar Total 2334 | 51 437 100 248 852 269 377 Wait 488 | . 57 5 . 268 28 130 Move 1745 | 40 355 95 246 566 221 222 Hop . | . . . . . . . Pick Up 23 | 6 8 . . 2 5 2 Fast Attach 2 | . . . 1 1 . . Attach 17 | 5 4 . . . 6 2 Detach . | . . . . . . . Swap 1 | . . . . 1 . . Drop 11 | . 2 . 1 4 2 2 Fire 36 | . 11 . . 10 7 8 Melee . | . . . . . . . Ram . | . . . . . . . Kick . | . . . . . . . Crush . | . . . . . . . Escape Stasis 11 | . . . . . . 11 Rewire . | . . . . . . . Trap . | . . . . . . . Miscellaneous . | . . . . . . . Route ------- -11/Scrapyard -10/Materials (discovered 3 exits: *Mat / *Min x2) -10/Mines -10/Exiles -9/Mines -8/Materials (discovered 2 exits: *Fac / Gar) -8/Garrison (discovered 1 exit: *Mat) History --------- Turn | Location | Event 11 | -11/Scrapyard | Identified exit to Materials 11 | -11/Scrapyard | Discovered exit to Materials (range 16) 50 | -11/Scrapyard | Entered Materials 50 | -10/Materials | Evolved 1 slot: Utility x1 182 | -10/Materials | Identified exit to Mines 245 | -10/Materials | Identified exit to Materials 245 | -10/Materials | Discovered exit to Materials (range 16) 300 | -10/Materials | Build established: Hacker-Mutant 556 | -10/Materials | Entered Mines 557 | -10/Mines | Learned location of Storage (-9) 612 | -10/Mines | Deemed a non-threat by the Exiles lab entrance 612 | -10/Mines | Identified exit to Exiles 612 | -10/Mines | Discovered exit to Exiles (range 5) 615 | -10/Mines | Entered Exiles 629 | -10/Exiles | Met 8R-AWN 638 | -10/Exiles | Met EX-HEX 655 | -10/Exiles | Met EX-BIN 662 | -10/Exiles | Aligned with FarCom system 663 | -10/Exiles | Given EX-Vault access code 676 | -10/Exiles | Opened EX-Vault 679 | -10/Exiles | Found Prototype Device 679 | -10/Exiles | Identified Supersonic Drone Bay 696 | -10/Exiles | Warned to stay clear of 0b10 Research branches 727 | -10/Exiles | Met EX-DEC 749 | -10/Exiles | Identified exit to Mines 749 | -10/Exiles | Discovered exit to Mines (range 11) 755 | -10/Exiles | Entered Mines 793 | -9/Mines | A weapon hastily lodged in a ceiling crevice suddenly fell to the ground 822 | -9/Mines | Received a Rocket Launcher from a helpful Derelict 1152 | -9/Mines | Received a Mining Laser from a helpful Derelict 1374 | -9/Mines | Identified exit to Materials 1374 | -9/Mines | Discovered exit to Materials (range 5) 1377 | -9/Mines | Entered Materials 1377 | -8/Materials | Evolved 4 slots: Power x1, Propulsion x1, Utility x1, Weapon x1 1468 | -8/Materials | Identified exit to Factory 1468 | -8/Materials | Discovered exit to Factory (range 12) 1555 | -8/Materials | Identified exit to Garrison 1555 | -8/Materials | Entered Garrison 1640 | -8/Garrison | Triggered checkpoint 1656 | -8/Garrison | Identified exit to Materials 1656 | -8/Garrison | Discovered exit to Materials (range 10) 1686 | -8/Garrison | Build established: Hacker-Skirmisher 1732 | -8/Garrison | Triggered checkpoint 1807 | -8/Garrison | Triggered checkpoint 1844 | -8/Garrison | Self-destructed Last Messages --------------- Field strength at 2. Stasis field depleted. Slug penetrates Wall. Penetrated by Slug. Beams of light sweep through the air. An alarm sounds. H-55 Commando destroyed. Acquired Lgt. Nuclear Core. Triggered Stasis Trap. A bubble of rippling energy engulfs the area. Field strength at 86. Field strength at 72. Field strength at 52. Field strength at 38. Field strength at 24. Field strength at 4. Stasis field depleted. Dropped Lgt. Angular Momentum Engine. Dropped Lgt. Ion Engine. Garrison Door activated. Airjet destroyed. Map ----- +----------------------------------------------------+ | ^ #??????????????????????????????????? | | ^ #??????????????????????????????????? | | #??????????????????????????????????? | | % #??????????????????????????????????? | | ## ##* ###??????????????????????????????????? | | ## ##* ##########???????????????????????????? | | ^ #???????????????????????????? | | ^ #???????????????????????????? | | ####### #???????????????????????????? | | ## ## ##?????#s #???????????????????????????? | | ## ?# #??????# #???????????????????????????? | | #####??# #??????# #???????????????????????????? | | #??????# #??????# #???????????????????????????? | | #??????# #??????# #???????????????????????????? | | #??????# #??????# #???????????????????????????? | | #??????# #??????# #???????????????????????????? | | #??????# ########s ##############??????????????? | | #??????# #??????????????? | | ##??????# #??????????????? | | ????????####### ################ #??????????????? | | ??????????????# #??????????????# #??????????????? | | ??????????????# #??????????????#g #??????????????? | | ??????????????# #??????#####???# #??????????????? | | ??????????????# #??????# #"#???#%%#??????????????? | | ??????????????# #??????# "#???#g%###????????????? | | ??????????????# #??????# @"#???#== #????????????? | | ??????????????# #??????# "#???# < #????????????? | | ??????????????# ##+#####s#"#???# #????????????? | | ??????????????# ss s ###???######????????????? | | ??????????????### #####???????????????????????? | | ????????????????# #???????????????????????????? | | ????????????????######???????????????????????????? | | ?????????????????????????????????????????????????? | | ?????????????????????????????????????????????????? | | ?????????????????????????????????????????????????? | | ?????????????????????????????????????????????????? | | ?????????????????????????????????????????????????? | | ?????????????????????????????????????????????????? | | ?????????????????????????????????????????????????? | | ?????????????????????????????????????????????????? | | ?????????????????????????????????????????????????? | | ?????????????????????????????????????????????????? | | ?????????????????????????????????????????????????? | | ?????????????????????????????????????????????????? | | ?????????????????????????????????????????????????? | | ?????????????????????????????????????????????????? | | ?????????????????????????????????????????????????? | | ?????????????????????????????????????????????????? | | ?????????????????????????????????????????????????? | | ?????????????????????????????????????????????????? | +----------------------------------------------------+ Best States ------------- Heat Dissipation 45 Energy Generation 23 Energy Capacity 175 Matter Stores 300 Matter Capacity 300 Sight Range 18 Terrain Scan Density 10 Additional Mass Support 9 Resistance: KI 35 Resistance: TH 35 Resistance: EX 35 Resistance: EM 35 Resistance: I 35 Resistance: S 35 Resistance: P 35 Evasion (%) 55 Offensive Hacking 30 Item Schematics ----------------- None Robot Schematics ------------------ None Fabricated ------------ Nothing Alien Tech Used ----------------- None Achievements -------------- None Challenges ------------ None Game ------ Seed ReinforcedPropulsionMeganuke Manual? 0 Play Time 00:27:17 Cumulative 42.0 hours Start 2022.07.29 @ 11:42:02 End 2022.07.29 @ 12:22:37 Sessions 1 Manual Loads 0 Difficulty Explorer Special Mode None Game No. 48 Rogue 21 Adventurer 0 Explorer 27 Win Type - Total 0 Types 0/0/0/0/0/0/0/0/0 Lore% 27 Gallery% 33 Achievement% 36 Wizard Run 0 Options --------- ASCII 0 Keyboard 0 Movement Mouse Keybinds 0 Fullscreen 1 Font 18/SmallcapsGlow Map View 76x50 Tactical HUD 0 Map Filters NONE Filters NONE Steam 1 RUN: b789baaf-fde8-44c6-b123-c2dcb190cb8c